 Dungeon Crawl Stone Soup version 0.17-a0-555-g23c20b2 (webtiles) character file.

12542 Ololoev the Dealer of Despair (level 11, -4/75 HPs)
             Began as a Mummy Necromancer on Apr 14, 2015.
             Was an Elder of Kikubaaqudgha.
             Killed from afar by a manticore (8 damage)
             ... with a volley of spikes
             ... on level 12 of the Dungeon.
             The game lasted 01:13:32 (15409 turns).

Ololoev the Dealer of Despair (Mummy Necromancer)  Turns: 15409, Time: 01:13:33

Health: -4/75      AC:  6    Str: 14    XL:     11   Next: 63%
Magic:  22/22      EV: 13    Int: 18    God:    Kikubaaqudgha [****..]
Gold:   521        SH:  0    Dex: 13    Spells: 3 memorised, 20 levels left

rFire  x . .     SeeInvis +     s - +7 spear (distort)
rCold  + . .     Clarity  .     a - +0 robe
rNeg   + + +     SustAb   .     (no shield)
rPois  ∞         Gourm    .     r - +0 hat of Surgheics {rF+}
rElec  .         Spirit   .     d - +0 cloak
rCorr  .         Warding  .     o - +0 pair of gloves
rMut   .         Stasis   .     e - +0 pair of boots
MR     ++...                    (no amulet)
Stlth  ++........               g - ring of protection from magic
                                j - ring of Wishful Thinking {+Inv rF- AC+1 Str+3 SInv}

@: manticore barbs, very resistant to hostile enchantments, unstealthy
A: no food or potions, fire vulnerability, cold resistance 1, negative energy
resistance 3, torment resistance, unbreathing
a: Receive Corpses, Renounce Religion, Evoke Invisibility


Innate Abilities, Weirdness & Mutations

You do not eat or drink.
Your flesh is vulnerable to fire.
You are immune to poison.
Your flesh is cold resistant.
You are immune to negative energy.
You are immune to unholy pain and torment.
You can survive without breathing.

Inventory:

Hand weapons
 s - a +7 spear of distortion (weapon)
Armour
 a - a +0 robe (worn)
 d - a +0 cloak (worn)
 e - a +0 pair of boots (worn)
 o - a +0 pair of gloves (worn)
 r - the +0 hat of Surgheics (worn) {rF+}
   (You acquired it on level 9 of the Dungeon)

   It protects you from fire.
Jewellery
 g - a ring of protection from magic (right hand)
 j - the ring of Wishful Thinking (left hand) {+Inv rF- AC+1 Str+3 SInv}
   (You bought it in a shop on level 4 of the Dungeon)

   [ring of protection]

   It affects your AC (+1).
   It affects your strength (+3).
   It makes you vulnerable to fire.
   It enhances your eyesight.
   It lets you turn invisible.
 l - an uncursed ring of wizardry
Magical devices
 h - a wand of lightning (4)
 p - a wand of fire (4)
 v - a wand of fire (9)
 x - a wand of fireball (6)
 z - a wand of cold (10)
Scrolls
 c - a scroll of fear
 f - 3 scrolls of magic mapping
 i - 2 scrolls of teleportation
 k - 9 scrolls of remove curse
 m - 5 scrolls of amnesia
 q - 2 scrolls of immolation
 t - a scroll of acquirement
 y - a scroll of brand weapon
Books
 b - a book of Necromancy

   Spells                             Type                      Level
   a - Pain                           Necromancy                   1
   b - Animate Skeleton               Necromancy                   1
   c - Vampiric Draining              Necromancy                   3
   d - Regeneration                   Charms/Necromancy            3
   e - Animate Dead                   Necromancy                   4
   f - Control Undead                 Necromancy                   4
 u - Kikubaaqudgha's Incunabulum of Dark Arts
   (Kikubaaqudgha gifted it to you on level 9 of the Dungeon)

   Spells                             Type                      Level
   a - Animate Dead                   Necromancy                   4
   b - Excruciating Wounds            Charms/Necromancy            5
   c - Cigotuvi's Embrace             Necromancy                   5
   d - Dispel Undead                  Necromancy                   5
   e - Simulacrum                     Ice/Necromancy               6
Miscellaneous
 w - a fan of gales (inert)


   Skills:
 + Level 3.4 Fighting
 * Level 9.6 Polearms
 + Level 3.3 Dodging
 - Level 1.5 Stealth
 - Level 7.5 Spellcasting
 + Level 10.6 Necromancy
 - Level 5.0 Evocations


You had 20 spell levels left.
You knew the following spells:

 Your Spells              Type           Power        Failure   Level  Hunger
a - Pain                  Necr           ####         1%          1    N/A
b - Animate Skeleton      Necr           N/A          1%          1    N/A
c - Vampiric Draining     Necr           #####.....   1%          3    N/A


You were on level 12 of the Dungeon.
You worshipped Kikubaaqudgha.
Kikubaaqudgha was greatly pleased with you.
You were not hungry.

You visited 2 branches of the dungeon, and saw 13 of its levels.

You collected 745 gold pieces.
You spent 224 gold pieces at shops.

.
.#######################
.........?......)........
†.).<.........((@))H).)..
...<......((..()..)..(.).
...........((.).........
......................$.
...............[........
.......................
.##################### .
.

Notes
Turn   | Place    | Note
--------------------------------------------------------------
     0 | D:1      | Ololoev, the Mummy Necromancer, began the quest for the Orb.
     0 | D:1      | Reached XP level 1. HP: 13/13 MP: 3/3
     2 | D:1      | Learned a level 1 spell: Animate Skeleton
   466 | D:1      | Reached XP level 2. HP: 19/19 MP: 1/5
  1011 | D:1      | Reached skill level 5 in Necromancy
  1028 | D:1      | Reached XP level 3. HP: 24/24 MP: 2/6
  1115 | D:1      | Learned a level 3 spell: Vampiric Draining
  1421 | D:2      | Noticed Jessica
  1464 | D:2      | Killed Jessica
  1484 | D:2      | Your ally Jessica died
  1549 | D:2      | Reached XP level 4. HP: 30/30 MP: 1/7
  2193 | D:2      | Reached skill level 6 in Necromancy
  2405 | D:2      | Reached XP level 5. HP: 35/35 MP: 5/8
  3133 | D:3      | Noticed Sigmund
  3140 | D:3      | Killed Sigmund
  3140 | D:3      | Reached skill level 1 in Polearms
  3140 | D:3      | Reached XP level 6. HP: 31/41 MP: 5/10
  4238 | D:4      | Reached skill level 7 in Necromancy
  4390 | D:4      | Reached XP level 7. HP: 46/46 MP: 8/12
  4664 | D:4      | Found a staircase to the Ecumenical Temple.
  4670 | Temple   | Entered the Ecumenical Temple
  4685 | Temple   | Became a worshipper of Kikubaaqudgha
  5030 | D:4      | Found Huech's Assorted Antiques.
  5041 | D:4      | Bought a transparent amber ring for 140 gold pieces
  5042 | D:4      | Identified the ring of Wishful Thinking {+Inv rF- AC+1 Str+3 SInv} (You bought it in a shop on level 4 of the Dungeon)
  5052 | D:4      | Bought a scroll labeled OLLENK GA ESCHU for 28 gold pieces
  5052 | D:4      | Bought a scroll labeled JIFITSU QYGH for 28 gold pieces
  5052 | D:4      | Bought a scroll labeled OLLENK GA ESCHU for 28 gold pieces
  5476 | D:5      | Entered Level 5 of the Dungeon
  5868 | D:5      | Found a deep blue altar of Sif Muna.
  5944 | D:5      | Acquired Kikubaaqudgha's first power
  5944 | D:5      | Received a gift from Kikubaaqudgha
  5945 | D:5      | Identified Kikubaaqudgha's Incunabulum of Darkness (Kikubaaqudgha gifted it to you on level 5 of the Dungeon)
  5949 | D:5      | Reached XP level 8. HP: 52/52 MP: 8/14
  6294 | D:5      | Reached skill level 8 in Necromancy
  6294 | D:5      | Reached skill level 1 in Evocations
  6858 | D:6      | Found a sacrificial altar of Ru.
  6965 | D:6      | Found Xuipow's General Store.
  7041 | D:6      | Found a glowing silver altar of Zin.
  7043 | D:6      | Found a snail-covered altar of Cheibriados.
  7048 | D:6      | Found a shadowy altar of Dithmenos.
  7112 | D:6      | Reached skill level 5 in Spellcasting
  7439 | D:6      | Reached skill level 5 in Polearms
  7837 | D:7      | Reached XP level 9. HP: 9/57 MP: 12/16
  8172 | D:7      | Found Zaessae's Jewellery Shoppe.
  8251 | D:7      | Acquired Kikubaaqudgha's second power
  8358 | D:7      | Noticed Schatten's ghost (experienced MiFi)
  8384 | D:7      | Killed Schatten's ghost
  9066 | D:7      | Reached skill level 9 in Necromancy
  9320 | D:8      | Found a white marble altar of Elyvilon.
  9802 | D:8      | Reached XP level 10. HP: 63/63 MP: 19/19
  9912 | D:8      | Noticed Grum
  9913 | D:8      | Noticed Erolcha
  9915 | D:8      | Noticed Pikel
  9926 | D:8      | Killed Erolcha
  9927 | D:8      | Killed Pikel
  9996 | D:8      | Banished Grum
 10268 | D:8      | Found an opulent altar of Gozag.
 10477 | D:9      | Identified a scroll of acquirement
 10479 | D:9      | Got an encrusted hat
 10485 | D:9      | Identified the +0 hat of Surgheics {rF+} (You acquired it on level 9 of the Dungeon)
 10521 | D:9      | Noticed ontamu's ghost (experienced HaHu)
 10529 | D:9      | Killed ontamu's ghost
 10546 | D:9      | Reached skill level 5 in Evocations
 10792 | D:9      | Received a gift from Kikubaaqudgha
 10793 | D:9      | Identified Kikubaaqudgha's Incunabulum of Dark Arts (Kikubaaqudgha gifted it to you on level 9 of the Dungeon)
 11227 | D:9      | Found Geurret's Serpentskin Sales.
 11230 | D:9      | Reached skill level 10 in Necromancy
 12001 | D:10     | Entered Level 10 of the Dungeon
 12152 | D:10     | Reached XP level 11. HP: 49/68 MP: 22/22
 12371 | D:10     | Noticed an archer statue
 12511 | D:10     | Found a staircase to the Orcish Mines.
 13205 | D:10     | Reached skill level 1 in Fighting
 13250 | D:10     | Noticed an archer statue
 13334 | D:11     | Found a staircase to the Lair.
 13587 | D:11     | Acquired Kikubaaqudgha's third power
 14117 | D:11     | Noticed a centaur warrior
 14132 | D:11     | Noticed a hill giant
 14838 | D:11     | Killed a centaur warrior
 15409 | D:12     | Killed from afar by a manticore

Dungeon Overview and Level Annotations

Branches:
Dungeon (12/15)            Temple (1/1) D:4            Lair (0/8) D:11
    Orc (0/4) D:10

Altars:
Ashenzari
Cheibriados
Dithmenos
Elyvilon
Fedhas
Gozag
Kikubaaqudgha
Makhleb
Okawaru
Ru
Sif Muna
Vehumet
Zin

Shops:
D:4 *   D:6 *   D:7 =   D:9 *

Annotations:
D:10 exclusion: 2 statues
Abyss:1 Grum


Message History

The manticore flicks its tail.
The volley of spikes hits you!
The barbed spikes become lodged in your body.
Unknown command.
Evoke which item? (* to show all) (? for menu, Esc to quit)
Zapping:
p - a wand of fire (5)
Press: ? - help, Shift-Dir - straight line, p - manticore The bolt of fire hits the manticore.
The manticore is severely wounded.
The bolt of fire hits the orc.
You kill the orc!
Kikubaaqudgha accepts your kill.
This wand has 4 charges left.
The kobold shoots a bolt.
The bolt hits you! The bolt burns you.
The manticore flicks its tail.
The volley of spikes hits you!
The barbed spikes become lodged in your body.
Evoke which item? (* to show all) (? for menu, Esc to quit)
Zapping:
p - a wand of fire (4)
Press: ? - help, Shift-Dir - straight line, f - kobold
Aim: a kobold, wielding a hand crossbow of flaming
Okay, then.
Evoke which item? (* to show all) (? for menu, Esc to quit)
Zapping:
x - a wand of fireball (will waste charges)
Press: ? - help, Shift-Dir - straight line, f - manticore
Aim: a manticore (severely wounded)
The fireball explodes!
The fireball engulfs the manticore.
The manticore is almost dead.
The fireball engulfs the kobold.
You kill the kobold!
Kikubaaqudgha accepts your kill.
The fireball engulfs the orc.
You kill the orc!
Kikubaaqudgha accepts your kill.
Evoking this partially-identified wand wasted a few charges.
The manticore flicks its tail.
The volley of spikes hits you!
The barbed spikes become lodged in your body.
You die...
Kikubaaqudgha rasps: "You have failed me!
Welcome... oblivion!"

You could see a manticore.

Vanquished Creatures
  Erolcha (D:8)
  The ghost of ontamu the Slinger, an experienced HaHu (D:9)
  The ghost of Schatten the Blocker, an experienced MiFi of Okawaru (D:7)
  Pikel (D:8)
  2 manticores (D:11)
  A centaur zombie (D:12)
  A human (D:7)
  A wyvern (D:8)
  3 yaks (D:11)
  A basilisk (D:11)
  2 hippogriffs
  2 steam dragons
  2 wolves (D:8)
  3 ice beasts
  3 orc warriors
  3 sky beasts
  2 water moccasins
  2 killer bees (D:8)
  3 black bears
  2 phantoms
  2 slaves (D:8)
  6 ogres
  6 centaurs
  A big kobold (D:12)
  2 wyvern zombies
  A wyvern skeleton (D:10)
  4 giant frogs
  2 scorpions
  2 wights
  A troll skeleton (D:9)
  5 crimson imps (D:9)
  A goliath beetle (D:6)
  A jelly (D:7)
  5 hounds
  4 orc priests
  A wasp zombie (D:12)
  15 orc wizards
  Jessica (D:2)
  A giant frog skeleton (D:7)
  5 iguanas
  A gnoll shaman (D:4)
  9 worker ants
  2 sheep (D:7)
  A worker ant zombie (D:9)
  12 adders
  4 gnolls
  2 shadow imps (D:6)
  3 worms
  An adder skeleton (D:7)
  6 giant geckos
  An ooze (D:1)
  49 orcs
  A ball python (D:1)
  2 bat skeletons
  2 giant cockroaches
  13 hobgoblins
  5 quokkas
  16 bats
  5 giant newts
  10 goblins
  18 kobolds
  A quokka skeleton (D:6)
  9 rats
  5 ballistomycetes
281 creatures vanquished.

Vanquished Creatures (collateral kills)
  A centaur warrior (D:11)
  A cyclops (D:11)
  A griffon (D:11)
  A fire drake (D:11)
  Sigmund (D:3)
  A mottled dragon (D:11)
  An ice beast (D:5)
  A necrophage (D:11)
  A scorpion (D:8)
  3 killer bees (D:8)
  2 centaur skeletons
  A hound (D:6)
  An orc wizard (D:11)
  An orc priest (D:10)
  A worker ant (D:11)
  A gnoll (D:4)
  2 adders (D:2)
  A worm (D:4)
  A giant gecko (D:5)
  7 orcs
  A goblin (D:1)
  3 hobgoblins
  A kobold (D:1)
  2 bats
  A giant cockroach (D:1)
  A giant newt (D:3)
  A ballistomycete (D:11)
40 creatures vanquished.

Vanquished Creatures (others)
  3 centaur skeletons
  A wyvern (D:10)
  A slave (D:8)
  A wraith (D:11)
  An ice beast (D:8)
  An ogre (D:6)
  An orc warrior (D:11)
  A wyvern skeleton (D:8)
  A scorpion (D:9)
  2 yak skeletons (D:11)
  2 wights (D:8)
  2 crimson imps (D:8)
  A wolf skeleton (D:8)
  A basilisk skeleton (D:11)
  2 giant frog skeletons
  A black bear skeleton (D:8)
  An orc wizard (D:3)
  A necrophage skeleton (D:11)
  3 ogre skeletons
  A hound skeleton (D:10)
  A gnoll (D:4)
  2 adders
  A steam dragon skeleton (D:10)
  A worm (D:4)
  2 adder skeletons
  6 bat skeletons
  A giant cockroach (D:8)
  A hobgoblin (D:4)
  A giant newt skeleton (D:6)
  2 giant spores
  4 goblin skeletons (D:7)
  4 hobgoblin skeletons
  A human skeleton (D:2)
  3 kobold skeletons
  20 orc skeletons
  A quokka skeleton (D:8)
  A rat (D:8)
  A rat skeleton (D:2)
  A ballistomycete (D:9)
82 creatures vanquished.

Grand Total: 403 creatures vanquished

Action                   |  1- 3 |  4- 6 |  7- 9 | 10-12 || total
-------------------------+-------+-------+-------+-------++-------
Melee: Unarmed           |    11 |       |       |       ||    11
       Dagger            |    30 |       |       |       ||    30
       Trident           |       |    12 |       |       ||    12
       Spear             |       |    28 |   283 |   344 ||   655
       Scythe            |       |     1 |       |       ||     1
 Cast: Pain              |    45 |    96 |    76 |    73 ||   290
       Animate Skeleton  |    10 |    25 |    42 |    39 ||   116
       Vampiric Draining |     2 |       |     4 |     5 ||    11
Invok: Receive Corpses   |       |       |     1 |     1 ||     2
 Abil: Evoke Invisibilit |       |       |     1 |     6 ||     7
Evoke: Wand              |       |       |     5 |     7 ||    12
       Fan of gales      |       |       |       |     1 ||     1
  Use: Scroll            |       |     3 |    15 |    12 ||    30
 Stab: Sleeping          |     1 |       |     7 |     2 ||    10
       Distracted        |       |       |     1 |     1 ||     2
       Invisible         |       |       |       |     7 ||     7

Vault maps used:
D:1:      scummos_arrival_checkerplants
D:2:      uniq_jessica
D:3:      uniq_sigmund
D:4:      minmay_temple_entry_hall, serial_glass, glass_columns_a,
          glass_columns_a, serial_shops, shop_fountains, first_bread
D:5:      tgw_sif
D:6:      gammafunk_temple_overflow_forgotten, serial_shops,
          nicolae_shop_waterfront, nicolae_ru_path_of_blood
D:7:      serial_shops, nicolae_shop_waterfront, grunt_livestock
D:8:      elyvilon_altar_4, grunt_gozag_statues, uniq_erolcha, uniq_pikel,
          uniq_grum
D:9:      guppyfry_shop_venom
D:10:     erik_orc_3, minmay_dual_archer_statues
D:11:     minmay_lair_entry_lava, minivault_20
D:12:     kennysheep_funnel
Temple:   nicolae_temple_god_jail
